[Event "Champions Showdown Kings Rapid 2019-C"]
[Site "Saint Louis"]
[Date "2019.02.21"]
[Round "5.3"]
[White "Navara, David"]
[Black "So, Wesley"]
[Result "1-0"]
[ECO "D41"]
[WhiteElo "2738"]
[BlackElo "2765"]
[Annotator "ChessBase"]
[PlyCount "65"]
[EventDate "2019.02.09"]
[EventType "match (rapid)"]
[EventCountry "USA"]
[SourceTitle "playchess.com"]
[Source "ChessBase"]
[SourceQuality "1"]
[TimeControl "900+10"]

1. d4 Nf6 2. c4 e6 3. Nf3 d5 4. Nc3 c5 5. cxd5 Nxd5 6. e4 Nxc3 7. bxc3 cxd4 8. cxd4 Bb4+ 9. Bd2 Bxd2+ 10. Qxd2 O-O 11. Bc4 Nd7 12. O-O b6 13. Rad1 Bb7 14. Rfe1 Rc8 15. Bb3 Re8 16. h3 Nf6 17. Qf4 Nh5 18. Qh2 h6 19. h4 a6 20. Ne5 Nf6 21. Qf4 Qd6 22. g4 Re7 23. g5 hxg5 24. hxg5 Nh5 25. Qe3 g6 26. Rd3 Rec7 27. Kg2 a5 28. Bd1 Ba6 29. Bxh5 Bxd3 30. Bf3 Rd8 31. Rh1 Bf1+ 32. Kxf1 Qxd4 33. Qf4 1-0